 Dungeon Crawl Stone Soup version 0.27.1-4-g1640c2035a (webtiles) character file.

Game seed: 5800239060892191342

30 sable the Skirmisher (level 3, -1/31 HPs)
             Began as a Palentonga Fighter on Nov 11, 2021.
             Slain by an adder (2 damage)
             ... on level 2 of the Dungeon.
             The game lasted 00:09:29 (1331 turns).

sable the Skirmisher (Palentonga Fighter)           Turns: 1331, Time: 00:09:30

Health: -1/31      AC:  6    Str: 20    XL:     3   Next: 3%
Magic:  3/3        EV:  5    Int:  8    God:
Gold:   24         SH:  8    Dex:  9    Spells: 2/2 levels left

rFire    . . .     SeeInvis +   a - +0 flail
rCold    . . .     Faith    .   c - +0 kite shield
rNeg     . . .     Spirit   .   b - +0 scale mail
rPois    .         Reflect  .   (no helmet)
rElec    .         Harm     .   (no cloak)
rCorr    .         Rampage  .   (no gloves)
Will     .....                  (no barding)
Stlth    ..........             (no amulet)
HPRegen  0.10/turn              (no ring)
MPRegen  0.08/turn              (no ring)

@: lethally poisoned (-1 -> -8)
A: large, rugged brown scales 3, see invisible, deformed body, roll 1, armoured
tail
a: Rolling Charge


You were on level 2 of the Dungeon.
You visited 1 branch of the dungeon, and saw 2 of its levels.

You collected 24 gold pieces.

Inventory:

Hand Weapons
 a - a +0 flail (weapon)
 e - a +1 dagger of electrocution
Armour
 b - a +0 scale mail (worn)
 c - a +0 kite shield (worn)
Scrolls
 f - a scroll of vulnerability {unknown}
 h - a scroll of teleportation {unknown}
 i - a scroll of amnesia {unknown}
Potions
 d - a potion of might
 g - a potion of curing {unknown}


   Skills:
 + Level 3.2 Fighting
 + Level 2.3 Maces & Flails
 + Level 2.8 Armour
 * Level 0.1 Dodging
 + Level 2.7 Shields


You had 2 spell levels left.
You didn't know any spells.
Your spell library contained the following spells:

 Spells                   Type           Power      Damage    Failure   Level
 Summon Small Mammal      Summ           0%         N/A       99%         1
 Passwall                 Tmut/Erth      0%         N/A       100%        2
 Call Canine Familiar     Summ           0%         N/A       100%        3
 Summon Guardian Golem    Hex/Summ       0%         N/A       100%        3
 Swiftness                Air            0%         N/A       100%        3
 Invisibility             Hex            0%         N/A       100%        6


Dungeon Overview and Level Annotations

Branches:
Dungeon (2/15)

Altars:


Innate Abilities, Weirdness & Mutations

You are completely covered in rugged brown scales. (AC +3, +7% HP)
You have supernaturally acute eyesight. (SInv)
Armour fits poorly on your strangely shaped body.
You can roll at nearby foes to attack.
You have a long armoured tail.


Message History

The adder barely misses you. The adder bites you.
You miss the adder.
The adder is moderately wounded.
The adder bites you but does no damage.
You barely miss the adder.
The adder is moderately wounded.
You block the adder's attack. The adder bites you but does no damage.
You closely miss the adder.
The adder is moderately wounded.
The adder barely misses you. The adder bites you.
You are poisoned.
The adder poisons you!
You hit the adder but do no damage.
The adder is moderately wounded.
You feel sick. The adder barely misses you. The adder bites you.
You barely miss the adder.
The adder is moderately wounded.
You feel sick. The adder bites you.
You are more poisoned.
The adder poisons you! The adder bites you.
You miss the adder.
The adder is moderately wounded.
* * * LOW HITPOINT WARNING * * *
You feel very sick.
The adder bites you but does no damage. x2
You closely miss the adder.
The adder is moderately wounded.
You feel sick. You block the adder's attack. The adder barely misses you.
You closely miss the adder.
Your tail-slap misses the adder.
The adder is moderately wounded.
You feel sick. The adder bites you.
* * * LOW HITPOINT WARNING * * *
You are lethally poisoned!
The adder poisons you! The adder bites you but does no damage.
You miss the adder.
The adder is moderately wounded.
* * * LOW HITPOINT WARNING * * *
You feel very sick. The adder bites you but does no damage.
The adder bites you.
You die...

......#.###<# #....
#.......# ###....
#.......# #....##
#...†...# #....#
#.......# #....#
#.....†.# #....#
########.......# #....#
...............###....#
......S@.#............#
.........#########....#
.........# ######
.........# .........#
.........# .........#
.........#


You could see an adder.

Vanquished Creatures
  3 dart slugs
  2 bats
  An endoplasm (D:1)
  2 hobgoblins (D:1)
  A quokka (D:1)
  4 ball pythons (D:1)
  2 frilled lizards (D:1)
  6 goblins (D:1)
  A kobold (D:1)
  2 rats (D:2)
24 creatures vanquished.

Notes
Turn   | Place    | Note
-------+----------+-------------------------------------------
     0 | D:1      | sable the Palentonga Fighter began the quest for the Orb.
     0 | D:1      | Reached XP level 1. HP: 19/19 MP: 1/1
   454 | D:1      | Reached XP level 2. HP: 15/25 MP: 2/2
  1292 | D:2      | Reached XP level 3. HP: 29/31 MP: 3/3
  1331 | D:2      | HP: 1/31 [poisoned by an adder]
  1331 | D:2      | Slain by an adder

Illustrated notes

Levels and vault maps discovered:
D:1:      mrwooster_arrival_statue_2, layout_rooms
D:2:      layout_basic, hex_medium

Action                   || total
-------------------------++-------
Melee: Flail             ||    80
       Tailslap          ||     5
Armor: Scale mail        ||    49
Dodge: Dodged            ||    12
Block: Kite shield       ||    35
